 Dungeon Crawl Stone Soup version 0.15-a0-1472-ge546950 (webtiles) character file.

21 Psiweapon the Ruffian (level 2, -1/27 HPs)
             Began as a Troll Transmuter on June 13, 2014.
             Killed from afar by Terence (9 damage)
             ... with a wand of frost
             ... on Level 2 of the Dungeon.
             The game lasted 00:01:50 (602 turns).

Psiweapon the Ruffian (Troll Transmuter)             Turns: 602, Time: 00:01:50

HP  -1/27        AC  5     Str 17      XL: 2   Next: 65%
MP   2/2         EV  9     Int  9      God:
Gold 61          SH  0     Dex 10      Spells:  1 memorised,  2 levels left

rFire  . . .     SeeInvis .       - Unarmed
rCold  . . .     Clarity  .     c - +0 robe
rNeg   . . .     rCorr    .     (shield restricted)
rPois  .         rRot     .     (helmet restricted)
rElec  .         Spirit   .     (no cloak)
SustAb .         Warding  .     (gloves unavailable)
rMut   .         Stasis   .     (boots unavailable)
Gourm  +                        (no amulet)
MR     .....                    (no ring)
                                (no ring)

@: not resistant to hostile enchantments, very unstealthy
A: unfitting armour, claws 3, fast metabolism 3, gourmand, regeneration 2,
saprovore 2, shaggy fur 1, tough skin 2
a: no special abilities


You were on level 2 of the Dungeon.
You were very full.

You visited 1 branch of the dungeon, and saw 2 of its levels.

You collected 61 gold pieces.

Inventory:

Missiles
 b - 12 arrows
Armour
 c - a +0 robe (worn)
Comestibles
 a - 3 meat rations
 n - a slice of pizza
Scrolls
 e - a scroll of noise {unknown}
 f - a scroll of enchant armour {unknown}
 g - 4 scrolls of teleportation {unknown}
 h - a scroll of recharging {unknown}
 j - 2 scrolls of random uselessness {unknown}
 l - a scroll of enchant weapon I {unknown}
 o - 2 scrolls of fear {unknown}
 q - a scroll of enchant weapon II {unknown}
Potions
 i - a potion of flight {unknown}
 k - a potion of restore abilities {unknown}
 m - 2 potions of heal wounds {unknown}
 p - a potion of magic {unknown}
Books
 d - a book of Changes

   Spells                             Type                      Level
   *Beastly Appendage                 Transmutation                1
   Sticks to Snakes                   Transmutation                2
   Spider Form                        Transmutation/Poison         3
   Ice Form                           Ice/Transmutation            4
   Blade Hands                        Transmutation                5


   Skills:
 + Level 1.6 Fighting
 - Level 1.5 Dodging
 + Level 3.5 Unarmed Combat
 - Level 1.2 Spellcasting
 - Level 1.3 Transmutations


You had 2 spell levels left.
You knew the following spells:

 Your Spells              Type           Power        Failure   Level  Hunger
a - Beastly Appendage     Trmt           #.....       21%         1    ##.....


Dungeon Overview and Level Annotations

Branches:
Dungeon (2/15)

Altars:

Annotations:
D:2 Terence


Innate Abilities, Weirdness & Mutations

You are too large for most types of armour.
You have claws for hands.
Your metabolism is lightning-fast.
You like to eat raw meat.
You heal very quickly.
You can eat rotten meat.
You are covered in fur (AC +1).
You have very tough skin (AC +2).


Message History

Okay, then.
A goblin comes into view. It is wielding a dagger.
The goblin shouts!
A kobold and Terence come into view.
Terence shouts!
The kobold shouts!
Found two items.
You see here a murky brown potion.
Terence zaps a wand.
The puff of frost hits you!
You see here a scroll labeled LIENTO SMIENI.
An adder comes into view.
A rat comes into view.
Terence zaps a wand.
The puff of frost hits you! Terence hits you but does no damage.
You scratch Terence but do no damage. Terence hits you but does no damage.
You closely miss Terence.
Terence zaps a wand.
The puff of frost hits you!
* * * LOW HITPOINT WARNING * * *
The goblin barely misses you.
You closely miss Terence. The goblin hits you but does no damage.
Terence zaps a wand.
The puff of frost hits you!
You die...

. #.# #.# . #.# .
#.. #.# ..# #... #.#
... #..##.## ..#
..##.....####.?.#
.!.......rKg@@S.#
..##.##!###.##.....#
#.# #.### ##.
#.###.....
#%...####.
#.)..#...#
..##.##........#.
...<....<........
..##.##$....#####


You could see Terence, an adder, a goblin, a kobold and a rat.

Vanquished Creatures
  A giant mite (D:1)
  A hobgoblin (D:1)
  5 bats
  3 goblins
  4 kobolds (D:1)
  4 rats (D:1)
18 creatures vanquished.

Notes
Turn   | Place    | Note
--------------------------------------------------------------
     0 | D:1      | Psiweapon, the Troll Transmuter, began the quest for the Orb.
     0 | D:1      | Reached XP level 1. HP: 18/18 MP: 2/2
    48 | D:1      | Reached skill level 1 in Fighting
   178 | D:1      | Reached XP level 2. HP: 27/27 MP: 2/2
   595 | D:2      | Noticed Terence
   602 | D:2      | Killed from afar by Terence

Action                   || total
-------------------------++-------
Melee: Unarmed           ||    51
